 Dungeon Crawl Stone Soup version 0.28-a0-684-g30a9fa1a03 (webtiles) character file.

Game seed: 12270134011975543965

777 MirrMurr the Covert (level 7, -1/32 HPs)
             Began as a Spriggan Enchanter on Oct 19, 2021.
             Shot with an arrow by a centaur (6 damage)
             ... on level 5 of the Dungeon.
             The game lasted 00:13:12 (7053 turns).

MirrMurr the Covert (Spriggan Enchanter)            Turns: 7053, Time: 00:13:12

Health: -1/32      AC:  4    Str:  6    XL:     7   Next: 54%
Magic:  0/14       EV: 21    Int: 22    God:
Gold:   283        SH:  0    Dex: 16    Spells: 6/14 levels left

rFire   . . .      SeeInvis +   a - +3 dagger
rCold   . . .      Faith    .   (shield restricted)
rNeg    . . .      Spirit   .   b - +0 robe
rPois   .          Reflect  .   (helmet restricted)
rElec   .          Harm     .   o - +1 cloak
rCorr   .          Rampage  .   (gloves unavailable)
Will    +....                   (boots unavailable)
Stlth   ++++......              (no amulet)
HPRegen 0.10/turn               l - +6 ring of intelligence
MPRegen 0.14/turn               m - +4 ring of evasion

@: very quick
A: very small, no large weapons, unfitting armour, see invisible, speed 3
a: no special abilities


You were on level 5 of the Dungeon.
You visited 1 branch of the dungeon, and saw 5 of its levels.
You also visited: Sewer.

You collected 283 gold pieces.

Inventory:

Hand Weapons
 a - a +3 dagger (weapon)
Missiles
 e - 74 stones (quivered)
 i - 11 boomerangs
 u - 17 poisoned darts
Armour
 b - a +0 robe (worn)
 f - a +0 buckler
 o - a +1 cloak (worn)
Jewellery
 l - a +6 ring of intelligence (left hand)
 m - a +4 ring of evasion (right hand)
Wands
 p - a wand of polymorph (11)
 v - a wand of flame (18)
Scrolls
 d - a scroll of immolation {unknown}
 n - a scroll of noise {unknown}
 r - a scroll of fog {unknown}
 t - a scroll of magic mapping
 A - a scroll of fear {unknown}
 B - a scroll of blinking {unknown}
Potions
 c - 2 potions of invisibility
 h - a potion of berserk rage
 k - a potion of attraction {unknown}
 q - 4 potions of mutation
 w - a potion of degeneration {unknown}
 x - a potion of might
 z - 2 potions of brilliance {unknown}
 C - a potion of curing


   Skills:
 - Level 5.0 Short Blades
 - Level 2.6 Dodging
 - Level 8.0 Stealth
 - Level 4.0 Spellcasting
 * Level 7.1 Hexes


You had 6 spell levels left.
You knew the following spells:

 Your Spells              Type           Power      Damage    Failure   Level
a - Ensorcelled Hibernat  Hex/Ice        40%        N/A       3%          2
b - Confusing Touch       Hex            35%        N/A       1%          3
c - Tukima's Dance        Hex            35%        N/A       1%          3

Your spell library contained the following spells:

 Spells                   Type           Power      Damage    Failure   Level
 Dazzling Flash           Conj/Hex       40%        N/A       8%          3
 Magic Dart               Conj           16%        1d3       11%         1
 Call Imp                 Summ           4%         N/A       17%         2
 Mephitic Cloud           Conj/Pois/Air  4%         N/A       32%         3


Dungeon Overview and Level Annotations

Branches:
Dungeon (5/15)             Temple (0/1) D:4           Sewer (visited)

Altars:
Gozag


Innate Abilities, Weirdness & Mutations

You are very small and have problems with some larger weapons.
You are too small for most types of armour.
You have supernaturally acute eyesight. (SInv)
You cover ground extremely quickly. (Speed+++)


Message History

Confirm with . or Enter, or press ? or * to list all spells.
Aiming: Ensorcelled Hibernation (safe; 3% risk of failure)
Press: ? - help, Shift-Dir - straight line, f - iguana
Aim: an iguana (chance to affect: 59%)
The iguana resists with significant effort.
You closely miss the iguana. The iguana bites you!
* * * LOW HITPOINT WARNING * * *
Casting: Ensorcelled Hibernation (safe; 3% risk of failure)
Confirm with . or Enter, or press ? or * to list all spells.
You don't have enough magic to cast this spell.
Unknown command.
The orc throws a silver boomerang.
The silver boomerang misses you.
Unknown command.
A centaur comes into view.
Found a curved silver wand.
You hit the centaur but do no damage. The centaur completely misses you.
The centaur misses you.
Unknown command.
Casting: Ensorcelled Hibernation (safe; 3% risk of failure)
Confirm with . or Enter, or press ? or * to list all spells.
Aiming: Ensorcelled Hibernation (safe; 3% risk of failure)
Press: ? - help, Shift-Dir - straight line, f - centaur
Aim: a centaur, quivering arrows (chance to affect: 50%)
The centaur resists with some effort.
The centaur hits you but does no damage.
The centaur completely misses you.
Casting: Ensorcelled Hibernation (safe; 3% risk of failure)
Confirm with . or Enter, or press ? or * to list all spells.
You don't have enough magic to cast this spell.
Unknown command.
Casting: Ensorcelled Hibernation (safe; 3% risk of failure)
Confirm with . or Enter, or press ? or * to list all spells.
You don't have enough magic to cast this spell.
Unknown command.
The centaur misses you. x2
The centaur wields a +0 shortbow.
The centaur shoots an arrow.
The arrow barely misses you.
The centaur shoots an arrow.
The arrow barely misses you.
The centaur shoots an arrow.
The arrow hits you.
You die...

..o.........##########...#
#########.....l........#,*
#####.#o########l#.#,*
#...........##.....#,*
#......l....##./...#,*
#...........##.....#,*
#####o#.######..c..#,*
*########.#.######.....#.********
,...............@..........,,,,,,
,....####.#.########+#.#.##,,,,,*
,..................,,,.....,,,,,*
,....####.#.######**,*.#.##.,,,,*
,.,*** #)#.#######*,*.#...,,,***
...# ####.#........,,*,*,..,,,,*
...###........#####***,*,,,,,*,**
#..................,,,,,,,,,,,,,,
#..###........#####***,*,,,,,**,*


You could see a centaur.

Vanquished Creatures
  A necrophage (D:4)
  2 ogres
  A scorpion (D:4)
  A jelly (D:4)
  2 orc priests (D:4)
  A hound (D:5)
  Crazy Yiuf (D:2)
  Terence (D:3)
  Natasha (thrice) (D:2)
  9 adders
  3 river rats (D:4)
  An adder skeleton (D:4)
  2 worms (D:4)
  2 dart slugs
  10 orcs
  10 ball pythons
  6 bats
  5 endoplasms
  2 giant cockroaches
  5 goblins
  5 hobgoblins
  3 jackals (D:2)
  10 kobolds
  3 quokkas
  11 frilled lizards
  11 rats
111 creatures vanquished.

Notes
Turn   | Place    | Note
-------+----------+-------------------------------------------
     0 | D:1      | MirrMurr the Spriggan Enchanter began the quest for the
                  | Orb.
     0 | D:1      | Reached XP level 1. HP: 9/9 MP: 5/5
    56 | D:1      | Found a faded altar of an unknown god.
   721 | D:1      | Reached XP level 2. HP: 13/13 MP: 6/6
   724 | D:1      | Reached skill level 5 in Stealth
   730 | D:1      | Learned a level 2 spell: Ensorcelled Hibernation
  1669 | D:2      | Reached XP level 3. HP: 16/16 MP: 8/8
  1728 | D:2      | Noticed an ogre
  1790 | D:2      | Killed an ogre
  1791 | D:2      | Reached skill level 6 in Stealth
  1791 | D:2      | Reached XP level 4. HP: 21/21 MP: 4/9
  2409 | D:2      | Reached skill level 7 in Stealth
  2450 | D:2      | Reached XP level 5. HP: 15/24 MP: 10/10
  2735 | D:2      | Found a runed translucent door.
  2736 | D:2      | Noticed Crazy Yiuf
  2743 | D:2      | Killed Crazy Yiuf
  2856 | D:2      | Noticed Natasha
  2863 | D:2      | Killed Natasha
  2983 | D:2      | Noticed Natasha
  3003 | D:2      | Killed Natasha
  3371 | D:2      | Noticed Natasha
  3385 | D:2      | Killed Natasha
  3386 | D:2      | Reached skill level 8 in Stealth
  3907 | D:3      | Noticed Terence
  3913 | D:3      | Killed Terence
  3914 | D:3      | Reached XP level 6. HP: 28/28 MP: 6/11
  4034 | D:3      | Found an opulent altar of Gozag.
  4076 | D:3      | Reached skill level 5 in Short Blades
  4736 | D:4      | Found a glowing drain.
  4740 | Sewer    | Entered a sewer
  5976 | D:4      | Reached skill level 5 in Hexes
  5976 | D:4      | Reached XP level 7. HP: 32/32 MP: 6/13
  6230 | D:4      | Found a staircase to the Ecumenical Temple.
  6286 | D:4      | Learned a level 3 spell: Confusing Touch
  6290 | D:4      | Learned a level 3 spell: Tukima's Dance
  6881 | D:5      | Entered Level 5 of the Dungeon
  7053 | D:5      | Shot with an arrow by a centaur

Illustrated notes

Levels and vault maps discovered:
D:1:      nzn_arrival_settlement, layout_basic, chequers_ecumenical_altar_simple
D:2:      minmay_chambers_of_twos, layout_loops_ring, minmay_pentomino_u4,
          uniq_natasha, uniq_crazy_yiuf_cottage
D:3:      layout_rooms, amcnicky_altar_gilded, grunt_ministairs_5, uniq_terence
D:4:      layout_cave_pods, minmay_temple_entry_drinking_statues,
          lightli_sewer_entry_pipes
D:5:      layout_basic

Skill      XL: |  1  2  3  4  5  6  7 |
---------------+----------------------+-----
Stealth        | 5 6 7 8 |  8.0
Short Blades   | 2 3 4 5 |  5.0
Hexes          | 5 7 |  7.1
Spellcasting   | 3 4 |  4.0
Dodging        | |  2.6

Action                   |  1- 3 |  4- 6 |  7- 9 || total
-------------------------+-------+-------+-------++-------
Melee: Dagger            |    85 |   296 |    60 ||   441
 Cast: Ensorcelled Hiber |     5 |    41 |    18 ||    64
       Confusing Touch   |       |       |     2 ||     2
  Use: Scroll            |       |       |     7 ||     7
 Stab: Sleeping          |    14 |    42 |    10 ||    66
       Distracted        |       |     1 |     1 ||     2
       Confused          |       |       |     2 ||     2
Armor: Robe              |     2 |    25 |     7 ||    34
Dodge: Dodged            |    51 |   228 |    44 ||   323

Table legend: (Time is in decaauts)
 A = Elapsed time spent in this place.
 B = Non-inter-level travel time spent in this place.
 C = Inter-level travel time spent in this place.
 D = Time resting spent in this place.
 E = Time spent auto-exploring this place.
 F = Levels seen in this place.
 G = Mean time per level.
                   A        B        C        D        E       F      G
               +--------+--------+--------+--------+--------+-----+--------+
         Total |   5542 |   5394 |    148 |    221 |   4089 |   6 |  923.7 |
       Dungeon |   5178 |   5030 |    148 |    221 |   3841 |   5 | 1035.6 |
         Sewer |    364 |    364 |      0 |      0 |    247 |   1 |  364.0 |
               +--------+--------+--------+--------+--------+-----+--------+

Top non-repeatable levels by time:
     D:2: 1612 daAuts
     D:1: 1407 daAuts
     D:4: 1288 daAuts
     D:3: 754 daAuts
   Sewer: 364 daAuts
     D:5: 115 daAuts
